 Dungeon Crawl Stone Soup version 0.21-a0-401-g0b6bec4 (webtiles) character file.

8 grizmgrazm2 the Insei (level 2, -1/21 HPs)
             Began as a Demonspawn Transmuter on Oct 22, 2017.
             Slain by a goblin
             ... wielding a cursed +0 club
              (2 damage)
             ... on level 2 of the Dungeon.
             The game lasted 00:01:25 (288 turns).

grizmgrazm2 the Insei (Demonspawn Transmuter)        Turns: 288, Time: 00:01:26

Health: -1/21      AC:  2    Str: 10    XL:     2   Next: 0%
Magic:  4/5        EV: 12    Int: 14    God:
Gold:   9          SH:  0    Dex: 13    Spells: 4/5 levels left

rFire    + . .     SeeInvis .     - Unarmed
rCold    . . .     Gourm    .   (no shield)
rNeg     . . .     Faith    .   b - +0 robe
rPois    .         Spirit   .   (no helmet)
rElec    .         Reflect  .   (no cloak)
rCorr    .         Harm     .   (no gloves)
MR       .....                  (no boots)
Stlth    +.........             (no amulet)
HPRegen  0.07/turn              (no ring)
MPRegen  0.09/turn              (no ring)

@: appendage
A: horns 2, fire resistance 1
a: End Transformation


You were on level 2 of the Dungeon.
You were not hungry.
You had grown temporary horns.
You visited 1 branch of the dungeon, and saw 2 of its levels.

You collected 9 gold pieces.

Inventory:

Missiles
 a - 12 arrows
Armour
 b - a +0 robe (worn)
Scrolls
 e - a scroll of fog {unknown}
Books
 c - a book of Changes

   Spells                             Type                      Level
   a - Beastly Appendage              Transmutation                1
   b - Sticks to Snakes               Transmutation                2
   c - Spider Form                    Transmutation/Poison         3
   d - Ice Form                       Ice/Transmutation            4
   e - Blade Hands                    Transmutation                5
Comestibles
 d - a bread ration


   Skills:
 * Level 1.3 Fighting
 + Level 1.8 Dodging
 + Level 2.9 Unarmed Combat
 + Level 2.1 Spellcasting
 + Level 1.8 Transmutations


You had 4 spell levels left.
You knew the following spells:

 Your Spells              Type           Power        Failure   Level  Hunger
a - Beastly Appendage     Tmut           #.....       11%         1    ##.....


Dungeon Overview and Level Annotations

Branches:
Dungeon (1/15)

Altars:
Cheibriados

Annotations:
D:2 Sigmund


Innate Abilities, Weirdness & Mutations

Your flesh is heat resistant. (rF+)
You have a pair of horns on your head.


Message History

You resist with significant effort.
Sigmund mumbles some strange words.
Sigmund flickers and vanishes!
Deactivating autopickup; reactivate with Ctrl-A.
A goblin comes into view. It is wielding a club.
The goblin shouts!
The goblin barely misses you.
Casting: Beastly Appendage
Confirm with . or Enter, or press ? or * to list all spells.
You grow a pair of large bovine horns.
You hit the goblin.
The goblin is heavily wounded.
The goblin hits you with a club.
A puff of flame appears from out of thin air!
The puff of flame hits you! You resist.
* * * LOW HITPOINT WARNING * * *
You closely miss the goblin.
The goblin is heavily wounded.
The goblin hits you with a club.
You die...

########## ..{......#
########.###############
#...{....@g......
################# #####
##...## ##.....##
##.......# .@.......#


You could see a goblin.

Vanquished Creatures
  2 giant cockroaches (D:1)
  A goblin (D:1)
  2 kobolds
  2 rats (D:1)
7 creatures vanquished.

Notes
Turn   | Place    | Note
-------+----------+-------------------------------------------
     0 | D:1      | grizmgrazm2 the Demonspawn Transmuter began the quest for the Orb.
     0 | D:1      | Reached XP level 1. HP: 15/15 MP: 3/3
   155 | D:1      | You fall through a shaft!
   160 | D:2      | Gained mutation: Your flesh is heat resistant. (rF+) [demonic ancestry]
   160 | D:2      | Reached XP level 2. HP: 15/21 MP: 3/5
   247 | D:2      | Noticed Sigmund
   257 | D:2      | Found a snail-covered altar of Cheibriados.
   287 | D:2      | HP: 1/21 [something/puff of flame (6)]
   288 | D:2      | Slain by a goblin

Vault maps used:
D:1:      dpeg_arrival_prison, st_stairs_14, nemelex_xobeh_ov_fountains_minmay
D:2:      cheibriados_altar_1, uniq_sigmund

Action                   || total
-------------------------++-------
Melee: Unarmed           ||    17
       Kick              ||     3
       Headbutt          ||     1
 Cast: Beastly Appendage ||     5
Dodge: Dodged            ||    14

Table legend:
 A = Spawn XP
 B = Non-spawn XP
 C = Spawn XP percentage of total XP
 D = Spawn monster count
 E = Non-spawn monster count
 F = Spawn count percentage of total count
 G = Total turns spent on level
                    A         B        C        D         E        F      G
               +---------+---------+-------+---------+---------+-------+---------
         Total |       0 |      12 |   0.0 |       0 |       7 |   0.0 |   288
               +---------+---------+-------+---------+---------+-------+---------
           D:1 |       0 |      10 |   0.0 |       0 |       6 |   0.0 |   155
           D:2 |       0 |       2 |   0.0 |       0 |       1 |   0.0 |   133
               +---------+---------+-------+---------+---------+-------+---------
